BR
OCEANSIDE SWAMP FOXES @ MONROE MALLARDS
10/02/2027
 
TOP OF THE 1ST
Oceanside Swamp Foxes batting - Pitching for Monroe Mallards : RHP Mike Morgan
Pitching: RHP Mike Morgan
Batting: LHB Chris White 0-0: Ball
1-0: Called Strike
1-1: Ball
2-1: SOLO HOME RUN (Flyball, 9LD), Distance : 355 ft
Batting: LHB Rodrigo Pérez 0-0: Ball
1-0: Ball
2-0: Ball
3-0: Called Strike
3-1: Base on Balls
Batting: RHB Nathan Smith 0-0: Ball
1-0: Fly out, F8 (Flyball, 8RD)
Batting: RHB José López 0-0: Called Strike
Rodrigo Pérez is caught stealing 2nd base
0-1: Ball
1-1: Foul Ball, location: 2F
1-2: Strikes out looking
Top of the 1st over - 1 run(s), 1 hit(s), 0 error(s), 0 left on base; Oceanside 1 - Monroe 0
BOTTOM OF THE 1ST
Monroe Mallards batting - Pitching for Oceanside Swamp Foxes : LHP Jorge Mora
Pitching: LHP Jorge Mora
Batting: RHB Stephen Black 0-0: Called Strike
0-1: Ball
1-1: Foul Ball, location: 2F
1-2: Strikes out swinging, 2-3 out at first.
Batting: RHB Ricardo López 0-0: Swinging Strike
0-1: Swinging Strike
0-2: Ball
1-2: Ball
2-2: Foul Ball, location: 2F
2-2: Strikes out swinging
Batting: RHB Cisco López 0-0: Swinging Strike
0-1: Swinging Strike
0-2: Foul Ball, location: 2F
0-2: Foul Ball, location: 2F
0-2: Strikes out swinging
Bottom of the 1st over - 0 run(s), 0 hit(s), 0 error(s), 0 left on base; Oceanside 1 - Monroe 0
TOP OF THE 2ND
Oceanside Swamp Foxes batting - Pitching for Monroe Mallards : RHP Mike Morgan
Batting: LHB Gabriel Aguilera 0-0: Foul Ball, location: 2F
0-1: Ball
1-1: Ball
2-1: Ground out 6-3 (Groundball, 6M)
Batting: RHB Ed Nygaard 0-0: Ball
1-0: Called Strike
1-1: SINGLE (Groundball, 6D)
Batting: LHB Clinton O'Brien 0-0: Ball
1-0: Swinging Strike
1-1: Swinging Strike
1-2: Strikes out looking
Batting: LHB Arlen Powers 0-0: Called Strike
0-1: Swinging Strike
0-2: Fly out, F8 (Flyball, 78M)
Top of the 2nd over - 0 run(s), 1 hit(s), 0 error(s), 1 left on base; Oceanside 1 - Monroe 0
BOTTOM OF THE 2ND
Monroe Mallards batting - Pitching for Oceanside Swamp Foxes : LHP Jorge Mora
Batting: SHB Richie Gallegos 0-0: Called Strike
0-1: Ball
1-1: Called Strike
1-2: Foul Ball, location: 2F
1-2: Foul Ball, location: 2F
1-2: Ground out 6-3 (Groundball, 56)
Batting: LHB Dave Tucker 0-0: Called Strike
0-1: TRIPLE (Groundball, 3L)
Batting: LHB Frank Byrd 0-0: Foul Ball, location: 2F
0-1: Fly out, F3 (Line Drive, 3)
Batting: RHB Simon Plante 0-0: Ball
1-0: Swinging Strike
1-1: Swinging Strike
1-2: Strikes out looking
Bottom of the 2nd over - 0 run(s), 1 hit(s), 0 error(s), 1 left on base; Oceanside 1 - Monroe 0
TOP OF THE 3RD
Oceanside Swamp Foxes batting - Pitching for Monroe Mallards : RHP Mike Morgan
Batting: RHB Carlos Sánchez 0-0: Foul Ball, location: 2F
0-1: Ball
1-1: Ground out 6-3 (Groundball, 6)
Batting: LHB Chris White 0-0: Called Strike
0-1: Foul Ball, location: 2F
0-2: Ball
1-2: SINGLE (Groundball, 34D)
Batting: LHB Rodrigo Pérez 0-0: Ball
Chris White steals 2nd base
1-0: Called Strike
1-1: Called Strike
1-2: Strikes out swinging
Batting: RHB Nathan Smith 0-0: Ball
1-0: Fly out, F8 (Flyball, 8LM)
Top of the 3rd over - 0 run(s), 1 hit(s), 0 error(s), 1 left on base; Oceanside 1 - Monroe 0
BOTTOM OF THE 3RD
Monroe Mallards batting - Pitching for Oceanside Swamp Foxes : LHP Jorge Mora
Batting: LHB Mark Spencer 0-0: Ball
1-0: Ground out 4-3 (Groundball, 34)
Batting: RHB Roberto Sánchez 0-0: Ball
1-0: Ball
2-0: Fly out, F3 (Line Drive, 3)
Batting: RHB Stephen Black 0-0: Ball
1-0: Called Strike
1-1: Fly out, F8 (Line Drive, 8LM)
Bottom of the 3rd over - 0 run(s), 0 hit(s), 0 error(s), 0 left on base; Oceanside 1 - Monroe 0
TOP OF THE 4TH
Oceanside Swamp Foxes batting - Pitching for Monroe Mallards : RHP Mike Morgan
Batting: RHB José López 0-0: Ball
1-0: Called Strike
1-1: Ball
2-1: Ball
3-1: Foul Ball, location: 2F
3-2: Ground out 6-3 (Groundball, 6)
Batting: LHB Gabriel Aguilera 0-0: Called Strike
0-1: SINGLE (Groundball, 56D)
Batting: RHB Ed Nygaard 0-0: Ball
1-0: Grounds into double play, 6-4-3 (Groundball, 6)
Top of the 4th over - 0 run(s), 1 hit(s), 0 error(s), 0 left on base; Oceanside 1 - Monroe 0
BOTTOM OF THE 4TH
Monroe Mallards batting - Pitching for Oceanside Swamp Foxes : LHP Jorge Mora
Batting: RHB Ricardo López 0-0: Ball
1-0: Ball
2-0: Ground out 4-3 (Groundball, 4)
Batting: RHB Cisco López 0-0: SINGLE (Groundball, 56D)
Batting: SHB Richie Gallegos 0-0: Ball
1-0: Ball
2-0: Fly out, F9 (Flyball, 9LM)
Batting: LHB Dave Tucker 0-0: Ball
1-0: Reached on error, E4 (Groundball, 34)
Cisco López to second
Batting: LHB Frank Byrd 0-0: Ball
1-0: Ground out 4-3 (Groundball, 4S)
Bottom of the 4th over - 0 run(s), 1 hit(s), 1 error(s), 2 left on base; Oceanside 1 - Monroe 0
TOP OF THE 5TH
Oceanside Swamp Foxes batting - Pitching for Monroe Mallards : RHP Mike Morgan
Batting: LHB Clinton O'Brien 0-0: Called Strike
0-1: Ball
1-1: Ball
2-1: Foul Ball, location: 2F
2-2: Fly out, F7 (Flyball, 78S)
Batting: LHB Arlen Powers 0-0: Foul Ball, location: 2F
0-1: Called Strike
0-2: Ball
1-2: Reached on error, E4 (Groundball, 4)
Batting: RHB Carlos Sánchez 0-0: Called Strike
0-1: Ball
1-1: Grounds out, U3 (Groundball, 3L)
Batting: LHB Chris White 0-0: Fly out, F8 (Flyball, 8LM)
Top of the 5th over - 0 run(s), 0 hit(s), 1 error(s), 1 left on base; Oceanside 1 - Monroe 0
BOTTOM OF THE 5TH
Monroe Mallards batting - Pitching for Oceanside Swamp Foxes : LHP Jorge Mora
Batting: RHB Simon Plante 0-0: SINGLE (Groundball, 4MS) (infield hit)
Batting: LHB Mark Spencer 0-0: Swinging Strike
0-1: Ball
1-1: Swinging Strike
1-2: Ball
2-2: Foul Ball, location: 2F
2-2: Ball
3-2: Strikes out swinging
Batting: RHB Roberto Sánchez 0-0: Called Strike
0-1: Foul Ball, location: 2F
0-2: Ball
1-2: Ball
2-2: Foul Ball, location: 2F
2-2: Ball
3-2: Foul Ball, location: 2F
3-2: Reached on error, E3 (Groundball, 34S)
Simon Plante to second
Batting: RHB Stephen Black 0-0: Ball
1-0: Foul Ball, location: 2F
1-1: Ball
2-1: Foul Ball, location: 2F
2-2: Fly out, F2 (Popup, 2R)
Batting: RHB Ricardo López 0-0: Ball
1-0: Called Strike
1-1: Foul Ball, location: 2F
1-2: Ball
2-2: Foul Ball, location: 2F
2-2: Ball
3-2: Ground out 6-3 (Groundball, 6)
Bottom of the 5th over - 0 run(s), 1 hit(s), 1 error(s), 2 left on base; Oceanside 1 - Monroe 0
TOP OF THE 6TH
Oceanside Swamp Foxes batting - Pitching for Monroe Mallards : RHP Mike Morgan
Batting: LHB Rodrigo Pérez 0-0: Ball
1-0: Fly out, F7 (Flyball, 7S)
Batting: RHB Nathan Smith 0-0: Ground out 5-3 (Groundball, 5)
Batting: RHB José López 0-0: Called Strike
0-1: Foul Ball, location: 2F
0-2: Strikes out looking
Top of the 6th over - 0 run(s), 0 hit(s), 0 error(s), 0 left on base; Oceanside 1 - Monroe 0
BOTTOM OF THE 6TH
Monroe Mallards batting - Pitching for Oceanside Swamp Foxes : LHP Jorge Mora
Batting: RHB Cisco López 0-0: Ball
1-0: SINGLE (Flyball, 8LS)
Batting: SHB Richie Gallegos 0-0: Ball
1-0: Swinging Strike
1-1: SINGLE (Groundball, 4D)
Cisco López to second
Runner from 2nd tries for 3rd, SAFE, throw made to third
Pitching: RHP Roberto Carbaja
Batting: LHB Dave Tucker 0-0: Called Strike
0-1: Foul Ball, location: 2F
0-2: Ball
1-2: Strikes out swinging
Batting: LHB Frank Byrd 0-0: SINGLE (Groundball, 34D)
Cisco López scores
Richie Gallegos to second
Batting: RHB Simon Plante 0-0: Called Strike
0-1: Swinging Strike
0-2: Strikes out swinging
Batting: LHB Mark Spencer 0-0: Fly out, F7 (Flyball, 7S)
Bottom of the 6th over - 1 run(s), 3 hit(s), 0 error(s), 2 left on base; Oceanside 1 - Monroe 1
TOP OF THE 7TH
Oceanside Swamp Foxes batting - Pitching for Monroe Mallards : RHP Mike Morgan
Batting: LHB Gabriel Aguilera 0-0: Ball
1-0: Called Strike
1-1: Foul Ball, location: 2F
1-2: Foul Ball, location: 2F
1-2: Foul Ball, location: 2F
1-2: Fly out, F9 (Flyball, 9LM)
Batting: RHB Ed Nygaard 0-0: Swinging Strike
0-1: Ground out 1-3 (Groundball, 15S)
Pinch Hitting: SHB Dale Winters 0-0: Fly out, F8 (Flyball, 8LXD)
Top of the 7th over - 0 run(s), 0 hit(s), 0 error(s), 0 left on base; Oceanside 1 - Monroe 1
BOTTOM OF THE 7TH
Monroe Mallards batting - Pitching for Oceanside Swamp Foxes : RHP Roberto Carbaja
Now in CF: Dale Winters
Batting: RHB Roberto Sánchez 0-0: Ball
1-0: Ground out 6-3 (Groundball, 56)
Batting: RHB Stephen Black 0-0: Ball
1-0: Ball
2-0: Ground out 6-3 (Groundball, 6)
Batting: RHB Ricardo López 0-0: Called Strike
0-1: Foul Ball, location: 2F
0-2: Ground out 5-3 (Groundball, 56S)
Bottom of the 7th over - 0 run(s), 0 hit(s), 0 error(s), 0 left on base; Oceanside 1 - Monroe 1
TOP OF THE 8TH
Oceanside Swamp Foxes batting - Pitching for Monroe Mallards : RHP Mike Morgan
Pitching: RHP Ben Simpson
Batting: LHB Arlen Powers 0-0: Ball
1-0: Foul Ball, location: 2F
1-1: Foul Ball, location: 2F
1-2: Foul Ball, location: 2F
1-2: Strikes out swinging
Batting: RHB Carlos Sánchez 0-0: Foul Ball, location: 2F
0-1: Swinging Strike
0-2: Foul Ball, location: 2F
0-2: Ball
1-2: Strikes out swinging, 2-3 out at first.
Pinch Hitting: RHB Cameron Irwin 0-0: Swinging Strike
0-1: Ball
1-1: Swinging Strike
1-2: Ball
2-2: Foul Ball, location: 2F
2-2: Strikes out looking
Top of the 8th over - 0 run(s), 0 hit(s), 0 error(s), 0 left on base; Oceanside 1 - Monroe 1
BOTTOM OF THE 8TH
Monroe Mallards batting - Pitching for Oceanside Swamp Foxes : RHP Roberto Carbaja
Now in RF: Cameron Irwin
Batting: RHB Cisco López 0-0: Called Strike
0-1: Ball
1-1: Swinging Strike
1-2: Strikes out looking
Batting: SHB Richie Gallegos 0-0: Called Strike
0-1: Ball
1-1: Called Strike
1-2: Ground out 6-3 (Groundball, 6M)
Pitching: LHP Alfonso Guerra
Batting: LHB Dave Tucker 0-0: Ball
1-0: Ball
2-0: Called Strike
2-1: Fly out, F8 (Flyball, 8RM)
Bottom of the 8th over - 0 run(s), 0 hit(s), 0 error(s), 0 left on base; Oceanside 1 - Monroe 1
TOP OF THE 9TH
Oceanside Swamp Foxes batting - Pitching for Monroe Mallards : RHP Ben Simpson
Pitching: LHP Alex Roberts
Batting: LHB Rodrigo Pérez 0-0: Swinging Strike
0-1: Foul Ball, location: 2F
0-2: Strikes out swinging
Batting: RHB Nathan Smith 0-0: Swinging Strike
0-1: Swinging Strike
0-2: Ball
1-2: Strikes out swinging
Batting: RHB José López 0-0: Called Strike
0-1: Foul Ball, location: 2F
0-2: Foul Ball, location: 2F
0-2: Ball
1-2: Foul Ball, location: 2F
1-2: Ball
2-2: Ground out 6-3 (Groundball, 6M)
Top of the 9th over - 0 run(s), 0 hit(s), 0 error(s), 0 left on base; Oceanside 1 - Monroe 1
BOTTOM OF THE 9TH
Monroe Mallards batting - Pitching for Oceanside Swamp Foxes : LHP Alfonso Guerra
Pitching: RHP Jesús Sánchez
Batting: LHB Frank Byrd 0-0: Ground out U3 (Groundball, 3L)
Batting: RHB Simon Plante 0-0: Called Strike
0-1: Ball
1-1: Swinging Strike
1-2: Ball
2-2: Foul Ball, location: 2F
2-2: Strikes out swinging
Batting: LHB Mark Spencer 0-0: Called Strike
0-1: Swinging Strike
0-2: Ground out 4-3 (Groundball, 4S)
Bottom of the 9th over - 0 run(s), 0 hit(s), 0 error(s), 0 left on base; Oceanside 1 - Monroe 1
TOP OF THE 10TH
Oceanside Swamp Foxes batting - Pitching for Monroe Mallards : LHP Alex Roberts
Batting: LHB Gabriel Aguilera 0-0: Foul Ball, location: 2F
0-1: Called Strike
0-2: Ball
1-2: Foul Ball, location: 2F
1-2: Ball
2-2: Ball
3-2: Reached on error, E3 (Groundball, 34)
Batting: RHB Ed Nygaard 0-0: Called Strike
0-1: Ball
1-1: Foul Ball, location: 2F
1-2: Ball
2-2: DOUBLE (Flyball, 78D)
Gabriel Aguilera to third
Runner from 3rd tries for Home, SAFE, no throw
Pitching: RHP Mark Thompson
Batting: SHB Dale Winters 0-0: Ball
1-0: Ball
2-0: Foul Ball, location: 2F
2-1: 2-RUN HOME RUN (Flyball, 8RXD), Distance : 427 ft
Pitching: RHP Juan Villa
Batting: LHB Arlen Powers 0-0: Swinging Strike
0-1: Called Strike
0-2: Strikes out swinging
Batting: RHB Carlos Sánchez 0-0: Called Strike
0-1: Foul Ball, location: 2F
0-2: Foul Ball, location: 2F
0-2: Ball
1-2: Strikes out swinging
Batting: RHB Cameron Irwin 0-0: Ball
1-0: Ball
2-0: Ground out 6-3 (Groundball, 6S)
Top of the 10th over - 3 run(s), 2 hit(s), 1 error(s), 0 left on base; Oceanside 4 - Monroe 1
BOTTOM OF THE 10TH
Monroe Mallards batting - Pitching for Oceanside Swamp Foxes : RHP Jesús Sánchez
Batting: RHB Roberto Sánchez 0-0: Called Strike
0-1: Ball
1-1: Foul Ball, location: 2F
1-2: Fly out, F7 (Flyball, 7)
Batting: RHB Stephen Black 0-0: Ball
1-0: Called Strike
1-1: Hit by Pitch
Batting: RHB Ricardo López 0-0: Ball
1-0: SINGLE (Line Drive, 8RS)
Stephen Black to second
Batting: RHB Cisco López 0-0: Called Strike
0-1: Foul Ball, location: 2F
0-2: Strikes out swinging
Batting: SHB Richie Gallegos 0-0: 3-RUN HOME RUN (Flyball, 9D), Distance : 363 ft
Batting: LHB Dave Tucker 0-0: Called Strike
0-1: Fly out, F2 (Popup, 3S)
Bottom of the 10th over - 3 run(s), 2 hit(s), 0 error(s), 0 left on base; Oceanside 4 - Monroe 4
TOP OF THE 11TH
Oceanside Swamp Foxes batting - Pitching for Monroe Mallards : RHP Juan Villa
Batting: LHB Rodrigo Pérez 0-0: Foul Ball, location: 2F
0-1: Ball
1-1: Swinging Strike
1-2: Ball
2-2: Strikes out swinging
Batting: RHB Nathan Smith 0-0: Ball
1-0: Swinging Strike
1-1: Swinging Strike
1-2: Foul Ball, location: 2F
1-2: Foul Ball, location: 2F
1-2: Ball
2-2: Strikes out looking
Batting: RHB José López 0-0: Called Strike
0-1: Ball
1-1: Called Strike
1-2: Strikes out swinging
Top of the 11th over - 0 run(s), 0 hit(s), 0 error(s), 0 left on base; Oceanside 4 - Monroe 4
BOTTOM OF THE 11TH
Monroe Mallards batting - Pitching for Oceanside Swamp Foxes : RHP Jesús Sánchez
Pitching: RHP Arlen Wright
Batting: LHB Frank Byrd 0-0: Ball
1-0: DOUBLE (Flyball, 78D)
Batting: RHB Simon Plante 0-0: Called Strike
0-1: Ball
1-1: Ball
2-1: Ball
3-1: Foul Ball, location: 2F
3-2: Foul Ball, location: 2F
3-2: Strikes out swinging
Batting: LHB Mark Spencer 0-0: Ball
1-0: Fly out, F6 (Popup, 6)
Batting: RHB Roberto Sánchez 0-0: Ball
1-0: Ball
2-0: Ball
3-0: Called Strike
3-1: Foul Ball, location: 2F
3-2: Fly out, F7 (Flyball, 78S)
Bottom of the 11th over - 0 run(s), 1 hit(s), 0 error(s), 1 left on base; Oceanside 4 - Monroe 4
TOP OF THE 12TH
Oceanside Swamp Foxes batting - Pitching for Monroe Mallards : RHP Juan Villa
Batting: LHB Gabriel Aguilera 0-0: Called Strike
0-1: Foul Ball, location: 2F
0-2: Ball
1-2: Ball
2-2: Foul Ball, location: 2F
2-2: Fly out, F8 (Flyball, 8LXD)
Batting: RHB Ed Nygaard 0-0: Called Strike
0-1: Ball
1-1: Ball
2-1: Called Strike
2-2: Strikes out swinging
Batting: SHB Dale Winters 0-0: SINGLE (Groundball, 4MD)
Batting: LHB Arlen Powers 0-0: Ball
1-0: Called Strike
1-1: Foul Ball, location: 2F
1-2: Reached on error, E8 (Flyball, 8LS)
Dale Winters to third
Batting: RHB Carlos Sánchez 0-0: Ball
1-0: Ball
2-0: Foul Ball, location: 2F
2-1: SINGLE (Flyball, 89S)
Dale Winters scores
Arlen Powers to third
Runner from 3rd tries for Home, SAFE, no throw
Pitching: RHP Craig Mills
Batting: RHB Cameron Irwin 0-0: Called Strike
Carlos Sánchez steals 2nd base
0-1: Called Strike
0-2: Ball
1-2: Strikes out looking
Top of the 12th over - 2 run(s), 2 hit(s), 1 error(s), 1 left on base; Oceanside 6 - Monroe 4
BOTTOM OF THE 12TH
Monroe Mallards batting - Pitching for Oceanside Swamp Foxes : RHP Arlen Wright
Batting: RHB Stephen Black 0-0: Ball
1-0: SINGLE (Line Drive, 9S)
Batting: RHB Ricardo López 0-0: Ball
1-0: Ball
2-0: Called Strike
2-1: Swinging Strike
2-2: Foul Ball, location: 2F
2-2: Strikes out swinging
Batting: RHB Cisco López 0-0: Ball
1-0: Swinging Strike
1-1: Swinging Strike
1-2: Ground out 5-3 (Groundball, 5S)
Stephen Black to second
Batting: SHB Richie Gallegos 0-0: Called Strike
0-1: Ball
1-1: Swinging Strike
1-2: Foul Ball, location: 2F
1-2: Foul Ball, location: 2F
1-2: Ball
2-2: DOUBLE (Line Drive, 89XD)
Stephen Black scores
Batting: LHB Dave Tucker 0-0: Fly out, F4 (Line Drive, 4)
Bottom of the 12th over - 1 run(s), 2 hit(s), 0 error(s), 1 left on base; Oceanside 6 - Monroe 5
Thursday, March 30th, 2017 - OOTP Baseball 17.12 Build 75